 Dungeon Crawl Stone Soup version 0.28-a0-563-gf77a47075d (webtiles) character file.

Game seed: 466917332711084336

81 frogsbabysitter the Vexing (level 4, -4/26 HPs)
             Began as a Kobold Arcane Marksman on Sept 30, 2021.
             Succumbed to a goblin's poison
             ... on level 2 of the Dungeon.
             The game lasted 00:06:08 (2678 turns).

frogsbabysitter the Vexing (Kobold Arcane Marksman) Turns: 2678, Time: 00:06:09

Health: -4/26      AC:  4    Str:  8    XL:     4   Next: 67%
Magic:  6/6        EV: 15    Int: 14    God:
Gold:   126        SH:  0    Dex: 15    Spells: 3/5 levels left

rFire   . . .      SeeInvis .   a - +0 hand crossbow
rCold   + . .      Faith    .   (shield restricted)
rNeg    . . .      Spirit   .   d - +0 robe
rPois   .          Reflect  .   (no helmet)
rElec   .          Harm     .   q - +0 cloak
rCorr   .          Rampage  .   f - +0 pair of gloves
Will    .....                   (no boots)
Stlth   +++.......              (no amulet)
HPRegen 0.08/turn               h - ring of protection from cold
MPRegen 0.10/turn               (no ring)

@: lethally poisoned (-4 -> -31)
A: small, no large weapons, nightstalker 3
a: no special abilities


You were on level 2 of the Dungeon.
You visited 1 branch of the dungeon, and saw 2 of its levels.

You collected 126 gold pieces.

Inventory:

Hand Weapons
 a - a +0 hand crossbow (weapon)
 e - a +0 short sword
Missiles
 c - 12 bolts (quivered ammo)
 g - 30 stones
Armour
 b - a +0 scale mail
 d - a +0 robe (worn)
 f - a +0 pair of gloves (worn)
 l - a +0 robe
 q - a +0 cloak (worn)
Jewellery
 h - a ring of protection from cold (left hand)
 m - a +4 ring of protection
Scrolls
 j - a scroll of magic mapping {unknown}
 k - a scroll of vulnerability {unknown}
 n - a scroll of enchant armour {unknown}
 r - a scroll of noise {unknown}
Potions
 i - a potion of might {unknown}
 o - a potion of magic {unknown}
 p - a potion of curing {unknown}


   Skills:
 + Level 2.2 Fighting
 + Level 3.4 Crossbows
 - Level 2.6 Dodging
 + Level 2.3 Stealth
 - Level 1.3 Spellcasting
 + Level 3.5 Hexes


You had 3 spell levels left.
You knew the following spells:

 Your Spells              Type           Power      Damage    Failure   Level
a - Slow                  Hex            10%        N/A       9%          2

Your spell library contained the following spells:

 Spells                   Type           Power      Damage    Failure   Level
 Freeze                   Ice            0%         1d3       26%         1
 Corpse Rot               Necr/Air       N/A        N/A       36%         2
 Inner Flame              Hex/Fire       5%         N/A       36%         3
 Portal Projectile        Hex/Tloc       10%        N/A       36%         3
 Frozen Ramparts          Ice            0%         1d2       58%         3
 Cause Fear               Hex            5%         N/A       52%         4
 Dispel Undead            Necr           0%         3d6       94%         4
 Hailstorm                Conj/Ice       0%         3d3       94%         4
 Death Channel            Necr           0%         N/A       100%        6


Dungeon Overview and Level Annotations

Branches:
Dungeon (2/15)

Altars:

Annotations:
D:2 Robin


Innate Abilities, Weirdness & Mutations

You are small and have problems with some larger weapons.
You are completely attuned to the shadows.


Message History

A goblin comes into view. It is wielding a +0 dagger.
The goblin hits you with a +1 dagger of venom.
You are more poisoned.
You feel very sick. The goblin barely misses you.
You feel sick. Robin throws the goblin at you! The goblin misses you.
Really attack while wielding your +0 hand crossbow? [Y]es or [N]o only, please.
Really attack while wielding your +0 hand crossbow?
Okay, then.
Unknown command.
Fire: 15 bolts
Press: ? - help, Q - select action, (/) - cycle Shift-Dir - straight line, f/p - Robin
Aim: Robin, wielding a +0 short sword, wearing a +1 animal skin and wearing a +0 helmet (lightly wounded, 71% to hit)
You shoot a bolt. The bolt hits Robin but does no damage.
Robin is lightly wounded.
You feel very sick.
Robin roars a battlecry!
The goblin goes into a battle-frenzy!
The goblin misses you.
Fire: 14 bolts
Press: ? - help, Q - select action, (/) - cycle Shift-Dir - straight line, f/p - Robin
Aim: Robin, wielding a +0 short sword, wearing a +1 animal skin and wearing a +0 helmet (lightly wounded, 71% to hit)
Okay, then.
Fire: 14 bolts
Press: ? - help, Q - select action, (/) - cycle Shift-Dir - straight line, f - goblin, p - Robin
Aim: a goblin, wielding a +1 dagger of venom (strong, 58% to hit)
You shoot a bolt. The bolt completely misses the goblin.
You feel sick. The goblin hits you but does no damage.
You are lethally poisoned!
Robin hits you with a +0 short sword.
* * * LOW HITPOINT WARNING * * *
The goblin hits you with a +1 dagger of venom.
* * * LOW HITPOINT WARNING * * *
You are more poisoned.
Fire: 13 bolts
Press: ? - help, Q - select action, (/) - cycle Shift-Dir - straight line, f/p - goblin
Aim: a goblin, wielding a +1 dagger of venom (strong, 58% to hit)
You shoot a bolt. The bolt closely misses the goblin.
You die...

######## ## #
.###### #g
......# #.###
.####.# #((.# ##
#.# #g# #.# #(#
#.############g#
#.##....(..g@gg#
#.##.#########.#
#.##.# #.#
#.##.# #.#
#.##.## #.# #
#.....#
########..#
..........#
..#####...#


You could see Robin, a hobgoblin (strong) and 2 goblins.

Vanquished Creatures
  Terence (D:2)
  An adder (D:2)
  A worm (D:2)
  A dart slug (D:1)
  7 endoplasms
  A giant cockroach (D:1)
  4 goblins
  3 hobgoblins
  3 kobolds
  3 quokkas (D:1)
  8 ball pythons
  3 bats
  A frilled lizard (D:2)
  2 rats (D:1)
39 creatures vanquished.

Notes
Turn   | Place    | Note
-------+----------+-------------------------------------------
     0 | D:1      | frogsbabysitter the Kobold Arcane Marksman began the quest
                  | for the Orb.
     0 | D:1      | Reached XP level 1. HP: 12/12 MP: 2/2
   314 | D:1      | Reached XP level 2. HP: 16/16 MP: 3/3
   397 | D:1      | Found a faded altar of an unknown god.
   916 | D:1      | Reached XP level 3. HP: 13/20 MP: 5/5
   939 | D:1      | Reached skill level 1 in Stealth
   952 | D:1      | Learned a level 2 spell: Slow
  1921 | D:2      | Noticed Terence
  2042 | D:2      | Killed Terence
  2043 | D:2      | Reached XP level 4. HP: 16/26 MP: 6/6
  2665 | D:2      | Noticed Robin
  2678 | D:2      | Succumbed to a goblin's poison

Illustrated notes

Levels and vault maps discovered:
D:1:      nicolae_arrival_washed_ashore, layout_loops_ring,
          dreamdust_ecumenical_altar_hidden_monk_grotto, serial_forest,
          infiniplex_forest_side_room, infiniplex_forest_clump_double,
          infiniplex_forest_lined_3, infiniplex_forest_straight_2,
          infiniplex_forest_lined_2, infiniplex_forest_lined_2,
          infiniplex_forest_straight_2
D:2:      layout_loops_ring, grunt_decor_cap, kennysheep_doodads,
          minmay_misc_feat_iff, uniq_robin, uniq_terence

Skill      XL: |  1  2  3 |
---------------+----------+-----
Stealth        | 2 |  2.3
Crossbows      | 3 |  3.4
Fighting       | 2 |  2.2
Dodging        | |  2.6
Spellcasting   | |  1.3
Hexes          | |  3.5

Action                   |  1- 3 |  4- 6 || total
-------------------------+-------+-------++-------
Melee: Long sword        |    31 |       ||    31
       Short sword       |    28 |       ||    28
       Hand crossbow     |     1 |       ||     1
 Fire: Hand crossbow     |    39 |    30 ||    69
 Cast: Slow              |     5 |       ||     5
Armor: Scale mail        |    32 |       ||    32
       Robe              |     1 |     4 ||     5
Dodge: Dodged            |    40 |    13 ||    53

Table legend: (Time is in decaauts)
 A = Elapsed time spent in this place.
 B = Non-inter-level travel time spent in this place.
 C = Inter-level travel time spent in this place.
 D = Time resting spent in this place.
 E = Time spent auto-exploring this place.
 F = Levels seen in this place.
 G = Mean time per level.
                   A        B        C        D        E       F      G
               +--------+--------+--------+--------+--------+-----+--------+
         Total |   2723 |   2673 |     50 |    539 |   1476 |   2 | 1361.5 |
       Dungeon |   2723 |   2673 |     50 |    539 |   1476 |   2 | 1361.5 |
               +--------+--------+--------+--------+--------+-----+--------+

Top non-repeatable levels by time:
     D:1: 1683 daAuts
     D:2: 1039 daAuts
